 Dungeon Crawl Stone Soup version 0.25.1-2-g60ff931df9 (webtiles) character file.

Game seed: 11567384429820573017

506 Forgol the Basher (level 7, -5/41 HPs)
             Began as a Gargoyle Monk on Sept 9, 2020.
             Slain by Duvessa
             ... wielding a +1 rapier of speed
              (6 damage)
             ... on level 5 of the Dungeon.
             The game lasted 00:09:59 (4526 turns).

Forgol the Basher (Gargoyle Monk)                   Turns: 4526, Time: 00:09:59

Health: -5/41      AC: 15    Str: 16    XL:     7   Next: 18%
Magic:  7/7        EV:  7    Int: 11    God:
Gold:   184        SH:  0    Dex: 12    Spells: 6/6 levels left

rFire    . . .     SeeInvis .   a - +0 mace
rCold    . . .     Gourm    .   (no shield)
rNeg     + . .     Faith    .   d - +0 chain mail
rPois    ∞         Spirit   .   (no helmet)
rElec    +         Reflect  .   (no cloak)
rCorr    .         Harm     .   h - +2 pair of gloves
MR       .....                  (no boots)
Stlth    ..........             (no amulet)
HPRegen  0.13/turn              (no ring)
MPRegen  0.10/turn              (no ring)

@: no status effects
A: negative energy resistance 1, electricity resistance, unbreathing,
petrification resistance, rot immunity, AC +4
a: no special abilities


You were on level 5 of the Dungeon.
You were hungry.

You visited 1 branch of the dungeon, and saw 5 of its levels.

You collected 184 gold pieces.

Inventory:

Hand Weapons
 a - a +0 mace (weapon)
Armour
 d - a +0 chain mail (worn)
 h - a +2 pair of gloves (worn)
Wands
 i - a wand of acid (10)
Scrolls
 e - 4 scrolls of identify
 l - a scroll of amnesia
 o - a scroll of enchant armour
Potions
 b - a potion of berserk rage {unknown}
 f - a potion of flight
 g - a potion of resistance {unknown}
 k - a potion of stabbing {unknown}
 n - a potion of magic {unknown}
Comestibles
 c - 11 rations


   Skills:
 - Level 3.2 Fighting
 + Level 8.0 Maces & Flails
 - Level 2.4 Dodging
 - Level 2.1 Stealth


You had 6 spell levels left.
You didn't know any spells.
Your spell library was empty.

Dungeon Overview and Level Annotations

Branches:
Dungeon (5/15)
 Temple: D:4-7

Altars:
Trog
Xom

Annotations:
D:5 Duvessa


Innate Abilities, Weirdness & Mutations

You are resistant to torment.
Your stone body is resilient. (AC +4)
You are immune to poison.
You resist negative energy. (rN+)
You are resistant to electric shocks. (rElec)
You can survive without breathing.
You are immune to petrification.
You are immune to rotting.


Message History

Duvessa is moderately wounded.
Duvessa hits you but does no damage.
You hit Duvessa.
Duvessa is heavily wounded.
Duvessa hits you with a +1 rapier of speed.
* * * LOW HITPOINT WARNING * * *
You hit Duvessa.
Duvessa is heavily wounded.
Duvessa barely misses you.
You hit Duvessa.
Duvessa is severely wounded.
Duvessa hits you with a +1 rapier of speed.
* * * LOW HITPOINT WARNING * * *
You hit Duvessa.
Duvessa is almost dead.
Duvessa looks more energetic.
You completely miss Duvessa.
Duvessa is almost dead.
Duvessa hits you with a +1 rapier of speed.
You die...

#.............#
#>..).......#.#
##.............#
###..........).#.#
##...#..........#...
...############## .. ##
.### #..# .###
############..#...
...####.........@eZ.....
...#....############.##.
.....#### ...### ...#
####


You could see Duvessa and a bullfrog zombie.

Vanquished Creatures
  A centaur (D:5)
  A scorpion (D:5)
  Dowan (D:5)
  4 worker ants (D:4)
  10 adders
  4 gnolls (D:4)
  3 worms (D:4)
  4 dart slugs
  4 leopard geckos
  6 orcs
  A bat (D:3)
  3 giant cockroaches
  8 goblins
  10 hobgoblins
  3 quokkas (D:3)
  3 ball pythons
  9 frilled lizards
  12 kobolds
  10 rats
97 creatures vanquished.

Notes
Turn   | Place    | Note
-------+----------+-------------------------------------------
     0 | D:1      | Forgol the Gargoyle Monk began the quest for the Orb.
     0 | D:1      | Reached XP level 1. HP: 14/14 MP: 1/1
   285 | D:1      | Reached XP level 2. HP: 19/19 MP: 2/2
   652 | D:1      | You fall into a shaft and drop 1 floor!
   916 | D:1      | Reached skill level 4 in Maces & Flails
  1082 | D:2      | Reached XP level 3. HP: 23/23 MP: 3/3
  1620 | D:2      | Reached XP level 4. HP: 25/28 MP: 4/4
  1632 | D:2      | Reached skill level 5 in Maces & Flails
  2551 | D:3      | Reached XP level 5. HP: 27/32 MP: 5/5
  3038 | D:4      | Found a shimmering altar of Xom.
  3039 | D:4      | Found a bloodstained altar of Trog.
  3083 | D:4      | Reached skill level 6 in Maces & Flails
  3196 | D:4      | Reached XP level 6. HP: 21/37 MP: 6/6
  4039 | D:4      | Reached skill level 7 in Maces & Flails
  4107 | D:5      | Entered Level 5 of the Dungeon
  4133 | D:5      | Reached XP level 7. HP: 13/41 MP: 7/7
  4487 | D:5      | Noticed Dowan
  4490 | D:5      | Noticed Duvessa
  4498 | D:5      | Killed Dowan
  4498 | D:5      | Reached skill level 8 in Maces & Flails
  4524 | D:5      | HP: 1/41 [Duvessa/+1 rapier of speed (4)]
  4526 | D:5      | Slain by Duvessa

Illustrated notes

Levels and vault maps discovered:
D:1:      dpeg_arrival_windows_large_door, layout_basic
D:2:      layout_basic, hangedman_feature_mirror, minmay_misc_feat_diagonals,
          dk_vineyard_1
D:3:      layout_basic
D:4:      layout_basic, gammafunk_temple_overflow_pools, first_ration
D:5:      layout_rooms, lemuel_doored_altar, eino_tiny_chamber, uniq_duvessa

Skill      XL: |  1  2  3  4  5  6  7 |
---------------+----------------------+-----
Maces & Flails | 4 5 6 7 8 |  8.0
Fighting       | |  3.2
Dodging        | |  2.4
Stealth        | |  2.1

Action                   |  1- 3 |  4- 6 |  7- 9 || total
-------------------------+-------+-------+-------++-------
Melee: Mace              |   174 |   343 |    45 ||   562
  Use: Scroll            |     4 |     4 |       ||     8
       Potion            |       |     1 |     3 ||     4
  Eat: Chunk             |     3 |     8 |     1 ||    12
Armor: Chain mail        |   145 |   313 |    26 ||   484
Dodge: Dodged            |    79 |   152 |    10 ||   241
